 Dungeon Crawl Stone Soup version 0.31.0-11-ge490571c62 (webtiles) character file.

Game seed: 12035636758447319465

148 Doomgape the Trooper (level 5, 0/35 HPs)
             Began as a Gargoyle Fighter on Feb 7, 2024.
             Was an Initiate of Okawaru.
             Slain by a gnoll
             ... wielding a +2 spear of flaming
             ... led by a gnoll bouda
              (2 damage)
             ... on level 3 of the Dungeon.
             The game lasted 00:05:18 (1801 turns).

Doomgape the Trooper (Gargoyle Fighter)             Turns: 1801, Time: 00:05:19

Health: 0/35       AC: 14    Str: 22    XL:     5   Next: 30%
Magic:  5/5        EV:  9    Int:  8    God:    Okawaru [......]
Gold:   172        SH:  4    Dex:  9    Spells: 4/4 levels left

rFire   . . .        a - +1 flail
rCold   . . .        c - +0 buckler
rNeg    + . .        b - +0 scale mail
rPois   ∞            (no helmet)
rElec   +            (no cloak)
rCorr   .            (no gloves)
SInv    .            (no boots)
Will    .....        (no amulet) Stlth
                     f - +4 ring of protection
HPRegen 0.25/turn    (no ring)
MPRegen 0.09/turn

%: no passive effects
@: no status effects
A: sickness immunity, AC +4, negative energy resistance 1, electricity
resistance, torment resistance 1, petrification resistance, noise suppression
a: Renounce Religion


You were on level 3 of the Dungeon.
You worshipped Okawaru.
Okawaru was noncommittal.
You visited 1 branch of the dungeon, and saw 3 of its levels.

You collected 172 gold pieces.

Inventory:

Hand Weapons
 a - a +1 flail (weapon)
Armour
 b - a +0 scale mail (worn)
 c - a +0 buckler (worn)
Magical Staves
 j - a staff of alchemy
Jewellery
 f - a +4 ring of protection (left hand)
 i - a ring of protection from cold
Scrolls
 g - a scroll of enchant weapon
 k - a scroll of noise {unknown}
 l - a scroll of blinking {unknown}
 n - a scroll of teleportation {unknown}
 p - a scroll of enchant armour {unknown}
 q - a scroll of fear {unknown}
Potions
 d - a potion of might
 e - a potion of resistance
 h - a potion of lignification {unknown}
 o - 2 potions of curing


   Skills:
 + Level 5.0 Fighting
 + Level 4.0 Maces & Flails
 - Level 3.2 Armour
 - Level 3.2 Shields


You had 4 spell levels left.
You didn't know any spells.
Your spell library contained the following spells:

 Spells                   Type           Power      Damage    Failure   Level
 Ensorcelled Hibernation  Hex/Ice        0%         N/A       91%         2
 Fugue of the Fallen      Necr           0%         N/A       99%         3
 Anguish                  Hex/Necr       0%         N/A       100%        4


Dungeon Overview and Level Annotations

Branches:
Dungeon (3/15)

Altars:
Fedhas
Nemelex Xobeh
Okawaru
Ru
Wu Jian


Innate Abilities, Weirdness & Mutations

You are immune to sickness and miasma.
Your stone body is resilient. (AC +4)
You are immune to poison.
You resist negative energy. (rN+)
You are resistant to electric shocks. (rElec)
You are resistant to unholy torment.
You are immune to petrification.
You passively dampen the noise of your surroundings.


Message History

Unknown command.
You bump into the rock wall.
The gnoll is no longer moving quickly.
The gnoll bouda barks out a call to the hunt!
The gnoll picks up the pace!
The gnoll hits you but does no damage.
You bump into the rock wall.
The gnoll is no longer moving quickly.
The gnoll bouda barks out a call to the hunt!
The gnoll picks up the pace!
The gnoll hits you but does no damage.
You bump into the rock wall.
You feel less invigorated.
You feel less confused.
The gnoll bouda hits you with a +1 whip of venom.
The gnoll closely misses you.
You hit the gnoll bouda.
The gnoll bouda is lightly wounded.
Your attacks no longer feel as feeble.
The gnoll bouda hits you but does no damage.
You block the gnoll's attack.
You thump the gnoll bouda!
The gnoll bouda is almost dead.
The gnoll bouda hits you but does no damage.
The gnoll hits you from afar with a +2 spear of flaming!
The gnoll burns you.
You sock the gnoll bouda!
You kill the gnoll bouda!
Okawaru accepts your kill. The gnoll barely misses you.
Your Fighting skill increases to level 5!
Your Maces & Flails skill increases to level 4!
You hit the gnoll.
The gnoll is moderately wounded.
The gnoll hits you from afar with a +2 spear of flaming!
* * * LOW HITPOINT WARNING * * *
The gnoll burns you.
* * * LOW HITPOINT WARNING * * *
You block the gnoll's attack.
The gnoll hits you from afar with a +2 spear of flaming.
* * * LOW HITPOINT WARNING * * *
The gnoll burns you.
You die...

#...........#.## ...#
###..#.#..###.## ...#
#.†.....# #.## #..#
###...### #.## # #..#
#...# #... #. #..# #...#
##.. ..#..#..#
#####...######.#
.....<.g###....>..........
.......gg@............)...
######.####...........##..
#. #####...###.##.. #.
#...###.###. #.
#.......###. #.
#...##...... #.
##.###.##### #. #...#.#
#.#.#.#


You could see 3 gnolls.

Vanquished Creatures
  A gnoll bouda (D:3)
  2 gnolls (D:1)
  3 adders
  3 dart slugs
  3 orcs (D:3)
  9 ball pythons
  6 bats
  3 endoplasms
  5 giant cockroaches
  6 hobgoblins
  2 jackals (D:2)
  2 quokkas
  2 frilled lizards (D:1)
  4 goblins
  4 kobolds
  9 rats
64 creatures vanquished.

Vanquished Creatures (others)
  A ball python (D:1)
  A rat (D:1)
2 creatures vanquished.

Grand Total: 66 creatures vanquished

Notes
Turn   | Place    | Note
-------+----------+-------------------------------------------
     0 | D:1      | Doomgape the Gargoyle Fighter began the quest for the Orb.
     0 | D:1      | Reached XP level 1. HP: 14/14 MP: 1/1
   154 | D:1      | Reached XP level 2. HP: 19/19 MP: 2/2
   282 | D:1      | Reached XP level 3. HP: 24/24 MP: 3/3
   330 | D:1      | Reached skill level 4 in Fighting
   354 | D:1      | Found a faded altar of an unknown god.
   709 | D:2      | Reached XP level 4. HP: 30/30 MP: 4/4
  1491 | D:3      | Found an ornate altar of the Wu Jian Council.
  1513 | D:3      | Found an iron altar of Okawaru.
  1516 | D:3      | Found a sparkling altar of Nemelex Xobeh.
  1530 | D:3      | Found a blossoming altar of Fedhas.
  1532 | D:3      | Became a worshipper of Warmaster Okawaru
  1539 | D:3      | Found a sacrificial altar of Ru.
  1738 | D:3      | Reached XP level 5. HP: 31/34 MP: 5/5
  1793 | D:3      | Gained mutation: You passively dampen the noise of your
                  | surroundings. [potion of mutation]
  1801 | D:3      | Reached skill level 5 in Fighting
  1801 | D:3      | Slain by a gnoll

Illustrated notes

Levels and vault maps discovered:
D:1:      beargit_arrival_diablo_church, layout_rooms,
          dilly_ecumenical_altar_fadedgnrine, lemuel_flame_loot_1
D:2:      layout_loops_ring, hangedman_decor_clover_reticule, nrook_mini_vaults
D:3:      layout_loops_cross, nicolae_overflow_hallway_of_the_gods

Skill      XL: |  1  2  3  4  5 |
---------------+----------------+-----
Fighting       | 4 5 |  5.0
Maces & Flails | 3 4 |  4.0
Armour         | |  3.2
Shields        | |  3.2

Action                     |  1- 3 |  4- 6 || total
---------------------------+-------+-------++-------
  Melee: Flail             |   109 |   112 ||   221
    Use: Scroll            |       |     2 ||     2
         Potion            |       |     3 ||     3
 Armour: Scale mail        |    84 |   123 ||   207
  Dodge: Dodged            |    60 |    70 ||   130
  Block: Buckler           |    31 |    25 ||    56
